[Event "Romanian-ch Youth Open U10 2024"]
[Site "Eforie Nord"]
[Date "2024.04.16"]
[Round "6.2"]
[White "Varabiescu, Petru"]
[Black "Cazacu, Iustin-Nicolas"]
[Result "0-1"]
[ECO "B22"]
[WhiteElo "1791"]
[BlackElo "1857"]
[Annotator "NA RC"]
[PlyCount "84"]
[EventDate "2024.04.10"]
[EventType "swiss"]
[EventCountry "ROU"]
[SourceTitle "playchess.com"]
[Source "ChessBase"]
[SourceQuality "1"]
[TimeControl "5400+30"]

1. e4 c5 2. Nf3 Nc6 3. Bc4 e5 4. c3 Nf6 5. d3 Be7 6. O-O O-O 7. a3 a6 8. Re1 d6 9. h3 Be6 10. Bxe6 fxe6 11. Qb3 Qd7 12. Bg5 Nh5 13. Nbd2 b5 14. Rad1 Bxg5 15. Nxg5 Rf6 16. Qc2 Rg6 17. h4 h6 18. Nh3 Rf8 19. Nf3 Rxf3 20. Qe2 Qf7 21. Ng5 hxg5 22. Qxf3 Qxf3 23. gxf3 gxh4+ 24. Kh2 h3 25. Rg1 Rf6 26. Kxh3 g6 27. Kg2 Kg7 28. Rh1 d5 29. b4 cxb4 30. cxb4 Nd4 31. Rc1 Nf4+ 32. Kf1 Rf7 33. Rc8 Nh5 34. Ra8 Rxf3 35. Rxa6 Ng3+ 36. Kg2 Nxh1 37. Ra7+ Rf7 38. Rxf7+ Kxf7 39. Kxh1 Nc2 40. exd5 exd5 41. a4 bxa4 42. b5 a3 0-1

[Event "Romanian-ch Youth Open U10 2024"]
[Site "Eforie Nord"]
[Date "2024.04.16"]
[Round "6.3"]
[White "Pasca, Alexandru-Daniel"]
[Black "Kovacs, Balazs"]
[Result "0-1"]
[ECO "C45"]
[WhiteElo "1623"]
[BlackElo "1866"]
[Annotator "NA RC"]
[PlyCount "58"]
[EventDate "2024.04.10"]
[EventType "swiss"]
[EventCountry "ROU"]
[SourceTitle "playchess.com"]
[Source "ChessBase"]
[SourceQuality "1"]
[TimeControl "5400+30"]

1. e4 e5 2. Nf3 Nc6 3. d4 exd4 4. Nxd4 Nf6 5. Nxc6 bxc6 6. Bd3 d5 7. exd5 cxd5 8. O-O Be7 9. c4 d4 10. Bg5 O-O 11. Bxf6 Bxf6 12. Nd2 g6 13. b4 a5 14. b5 Bb7 15. Ne4 Be7 16. a4 f5 17. Nd2 Bd6 18. f4 Qh4 19. g3 Qh3 20. Nf3 g5 21. Qe2 gxf4 22. gxf4 Kh8 23. c5 Rg8+ 24. Kh1 Bxf4 25. c6 Rae8 26. Qb2 Bc8 27. Ra2 Be3 28. Nxd4 Qxf1+ 29. Bxf1 Rg1# 0-1

[Event "Romanian-ch Youth Open U10 2024"]
[Site "Eforie Nord"]
[Date "2024.04.16"]
[Round "6.4"]
[White "Balan, Vladimir"]
[Black "Rosca, Dragos-Ioan"]
[Result "0-1"]
[ECO "D37"]
[WhiteElo "1628"]
[BlackElo "1557"]
[Annotator "NA RC"]
[PlyCount "106"]
[EventDate "2024.04.10"]
[EventType "swiss"]
[EventCountry "ROU"]
[SourceTitle "playchess.com"]
[Source "ChessBase"]
[SourceQuality "1"]
[TimeControl "5400+30"]

1. d4 d5 2. c4 e6 3. Nc3 Nf6 4. Nf3 Be7 5. Bf4 O-O 6. e3 a6 7. c5 Nbd7 8. b4 Nh5 9. Bd3 Nxf4 10. exf4 Re8 11. O-O c6 12. Qc2 Nf8 13. Ne5 f6 14. Nf3 Qc7 15. g3 Bd8 16. Rfe1 Qe7 17. Nh4 Bc7 18. a4 b6 19. Nf3 a5 20. b5 bxc5 21. bxc6 c4 22. Bf1 Qd6 23. Nb5 Qxc6 24. Bg2 Ba6 25. Nxc7 Qxc7 26. Qc3 Nd7 27. Nd2 Nb8 28. f5 Bb7 29. Rxe6 Rxe6 30. fxe6 Ra6 31. Re1 Kf8 32. Nb3 Ke7 33. Nc5 Rd6 34. Bh3 Nc6 35. Qc2 g6 36. Qc1 Nxd4 37. Qc3 Qxc5 38. Qe3 g5 39. Rb1 Rb6 40. Rd1 Nb3 41. Qf3 Kd8 42. Qxf6+ Qe7 43. Qe5 Rd6 44. Qh8+ Kc7 45. Qc3 Rxe6 46. Bxe6 Qxe6 47. Rb1 d4 48. Qc2 Qc6 49. Kf1 Qh1+ 50. Ke2 d3+ 51. Qxd3 cxd3+ 52. Kxd3 Qxb1+ 53. Ke3 Qe4# 0-1

[Event "Romanian-ch Youth Open U10 2024"]
[Site "Eforie Nord"]
[Date "2024.04.17"]
[Round "7.1"]
[White "Rosca, Dragos-Ioan"]
[Black "Larion, Iustin"]
[Result "0-1"]
[ECO "B13"]
[WhiteElo "1557"]
[BlackElo "1743"]
[Annotator "NA RC COMBH"]
[PlyCount "64"]
[EventDate "2024.04.10"]
[EventType "swiss"]
[EventCountry "ROU"]
[SourceTitle "playchess.com"]
[Source "ChessBase"]
[SourceQuality "1"]
[TimeControl "5400+30"]

1. e4 c6 2. d4 d5 3. exd5 cxd5 4. Bd3 Nc6 5. c3 Qc7 6. Qf3 Nf6 7. Bf4 Qd8 8. Qe2 Bg4 9. Nf3 e6 10. O-O Bd6 11. Bxd6 Qxd6 12. Nbd2 O-O 13. h3 Bh5 14. g4 Bg6 15. Bxg6 hxg6 16. Ne5 b5 17. f4 b4 18. h4 bxc3 19. bxc3 Ne7 20. Rf3 Rac8 21. Qd3 Qa3 22. Re1 Rc7 23. h5 gxh5 24. gxh5 Rfc8 25. Nb1 Qb2 26. Re2 Qb6 27. Rh2 Nf5 28. h6 g6 29. h7+ Kh8 30. Kg2 Ne4 31. Qc2 Rb8 32. Rh1 Qb2 0-1

[Event "Romanian-ch Youth Open U10 2024"]
[Site "Eforie Nord"]
[Date "2024.04.17"]
[Round "7.2"]
[White "Mistrekov, Dobrynia"]
[Black "Cazacu, Iustin-Nicolas"]
[Result "1-0"]
[ECO "B34"]
[WhiteElo "1562"]
[BlackElo "1857"]
[Annotator "NA RC COMBH"]
[PlyCount "85"]
[EventDate "2024.04.10"]
[EventType "swiss"]
[EventCountry "ROU"]
[SourceTitle "playchess.com"]
[Source "ChessBase"]
[SourceQuality "1"]
[TimeControl "5400+30"]

1. e4 c5 2. Nf3 Nc6 3. Nc3 g6 4. d4 cxd4 5. Nxd4 Bg7 6. Be3 Nf6 7. Be2 O-O 8. O-O d5 9. exd5 Nxd5 10. Nxd5 Nxd4 11. Bc4 e5 12. c3 Ne6 13. Qb3 Qh4 14. Rad1 Nf4 15. Bxf4 exf4 16. Rfe1 f3 17. g3 Qh3 18. Nf4 Qf5 19. Nd5 Qh3 20. Bf1 Qh5 21. Nf4 Qc5 22. Bc4 Rb8 23. Bd5 Bg4 24. h3 Bf5 25. Bxf3 g5 26. Nh5 Be6 27. Qc2 Rfd8 28. Bg4 Rxd1 29. Rxd1 Bxa2 30. Nxg7 Kxg7 31. b3 Qa3 32. Qf5 Qe7 33. Qc2 Qa3 34. Qd2 Bxb3 35. Qxg5+ Kf8 36. Qh6+ Ke7 37. Rd7+ Ke8 38. Qe3+ Kf8 39. Qh6+ Ke8 40. Qxh7 Rd8 41. Qh8+ Qf8 42. Rxd8+ Kxd8 43. Qxf8+ 1-0

[Event "Romanian-ch Youth Open U10 2024"]
[Site "Eforie Nord"]
[Date "2024.04.17"]
[Round "7.3"]
[White "Kovacs, Balazs"]
[Black "Ionita, Mario-Alexandru"]
[Result "1-0"]
[ECO "C02"]
[WhiteElo "1866"]
[BlackElo "1487"]
[Annotator "NA RC COMBH"]
[PlyCount "51"]
[EventDate "2024.04.10"]
[EventType "swiss"]
[EventCountry "ROU"]
[SourceTitle "playchess.com"]
[Source "ChessBase"]
[SourceQuality "1"]
[TimeControl "5400+30"]

1. e4 e6 2. d4 d5 3. e5 c5 4. c3 Nc6 5. Nf3 Qb6 6. a3 Bd7 7. b4 cxd4 8. cxd4 Nge7 9. Nc3 Nf5 10. Na4 Qd8 11. Bb2 Be7 12. Nc5 b6 13. Nxd7 Qxd7 14. Bb5 Bd8 15. Rc1 Nfe7 16. O-O O-O 17. Rc3 Qb7 18. Qa4 Nb8 19. Rfc1 a6 20. Be2 b5 21. Qc2 Bb6 22. Ng5 Ng6 23. Rh3 Bd8 24. Nxh7 Nf4 25. Nf6+ gxf6 26. Qh7# 1-0

[Event "Romanian-ch Youth Open U10 2024"]
[Site "Eforie Nord"]
[Date "2024.04.17"]
[Round "7.4"]
[White "Bostina, Vladimir-Ioan"]
[Black "Pasca, Alexandru-Daniel"]
[Result "1/2-1/2"]
[ECO "B33"]
[WhiteElo "1579"]
[BlackElo "1623"]
[Annotator "NA RC COMBH"]
[PlyCount "153"]
[EventDate "2024.04.10"]
[EventType "swiss"]
[EventCountry "ROU"]
[SourceTitle "playchess.com"]
[Source "ChessBase"]
[SourceQuality "1"]
[TimeControl "5400+30"]

1. e4 c5 2. Nf3 Nc6 3. d4 cxd4 4. Nxd4 Nf6 5. Nc3 e5 6. Ndb5 d6 7. Bg5 a6 8. Na3 b5 9. Nd5 Be7 10. Bxf6 Bxf6 11. c3 O-O 12. Nc2 Rb8 13. Be2 Bg5 14. O-O Be6 15. Ncb4 Nxb4 16. Nxb4 Qb6 17. Nd5 Qb7 18. a3 Bxd5 19. Qxd5 Qxd5 20. exd5 f5 21. Rfb1 Rfc8 22. g3 Kf8 23. h4 Bf6 24. Kf1 g6 25. a4 Rc5 26. axb5 axb5 27. Rd1 e4 28. Ra6 Be5 29. Rc6 Ke7 30. Ra6 Rc7 31. Rda1 b4 32. Ra7 Rbb7 33. Rxb7 Rxb7 34. cxb4 Bxb2 35. Ra4 Bd4 36. b5 Bc5 37. Ra8 Kf6 38. Re8 h6 39. Rh8 Bd4 40. Re8 Bc5 41. Rh8 Kg7 42. Re8 Bd4 43. Rd8 Bc5 44. Re8 Kf7 45. Rh8 Bd4 46. Rd8 Rb6 47. Rd7+ Kf6 48. Rh7 h5 49. Bc4 Rb8 50. Rd7 Bc5 51. Rh7 Ra8 52. Rb7 Ra1+ 53. Kg2 Rb1 54. Be2 Rb2 55. Kf1 e3 56. fxe3 Bxe3 57. Rb8 Bd4 58. Re8 Bc5 59. Re6+ Kf7 60. Ke1 Rb3 61. Bc4 Rb4 62. Bf1 Rb2 63. Re2 Rxb5 64. Re7+ Kxe7 65. Bxb5 Kf6 66. Be8 f4 67. gxf4 Be3 68. Ke2 Bxf4 69. Kf3 Bd2 70. Kg3 Be1+ 71. Kh3 Bf2 72. Bc6 g5 73. hxg5+ Kxg5 74. Bb7 h4 75. Bc6 Kf4 76. Bb7 Bg3 77. Bc6 1/2-1/2

[Event "Romanian-ch Youth Open U10 2024"]
[Site "Eforie Nord"]
[Date "2024.04.18"]
[Round "8.1"]
[White "Varabiescu, Petru"]
[Black "Larion, Iustin"]
[Result "0-1"]
[ECO "B10"]
[WhiteElo "1791"]
[BlackElo "1743"]
[Annotator "NA RC COMBH"]
[PlyCount "66"]
[EventDate "2024.04.10"]
[EventType "swiss"]
[EventCountry "ROU"]
[SourceTitle "playchess.com"]
[Source "ChessBase"]
[SourceQuality "1"]
[TimeControl "5400+30"]

1. e4 c6 2. Nf3 d5 3. exd5 cxd5 4. Ne5 Nc6 5. Bb5 Bd7 6. Nxd7 Qxd7 7. d4 Nf6 8. c3 e6 9. Bf4 Bd6 10. Bxd6 Qxd6 11. O-O O-O 12. Nd2 a6 13. Ba4 b5 14. Bc2 b4 15. f4 bxc3 16. bxc3 Ne7 17. g4 Rac8 18. g5 Nd7 19. Rf3 g6 20. Qe1 Nf5 21. Bxf5 exf5 22. Qh4 Rfe8 23. Rh3 Nf8 24. Nb3 Re2 25. Nc5 Rce8 26. Nd3 R8e3 27. Ne5 Qc7 28. Rxe3 Rxe3 29. c4 dxc4 30. Rc1 Qb7 31. Nxc4 Re2 32. Qg3 Rc2 33. Qe3 Qg2# 0-1

[Event "Romanian-ch Youth Open U10 2024"]
[Site "Eforie Nord"]
[Date "2024.04.18"]
[Round "8.2"]
[White "Mistrekov, Dobrynia"]
[Black "Kovacs, Balazs"]
[Result "0-1"]
[ECO "C47"]
[WhiteElo "1562"]
[BlackElo "1866"]
[Annotator "NA RC COMBH"]
[PlyCount "120"]
[EventDate "2024.04.10"]
[EventType "swiss"]
[EventCountry "ROU"]
[SourceTitle "playchess.com"]
[Source "ChessBase"]
[SourceQuality "1"]
[TimeControl "5400+30"]

1. e4 e5 2. Nf3 Nc6 3. d4 exd4 4. Nxd4 Nf6 5. Nc3 Bb4 6. Nxc6 bxc6 7. Bd3 d5 8. exd5 O-O 9. O-O Qd6 10. Bg5 Bg4 11. f3 Bxc3 12. bxc3 Bh5 13. c4 cxd5 14. cxd5 Nxd5 15. Kh1 h6 16. Bc1 Qe5 17. Bd2 Qd4 18. Be4 Rad8 19. Bxh6 Qf6 20. Bd2 Ne3 21. Qc1 Nxf1 22. Bg5 Qe5 23. Bf4 Qd4 24. c3 Qf6 25. Bg5 Qe5 26. Bf4 Qc5 27. Qxf1 f5 28. Bd3 Qxc3 29. Bc4+ Bf7 30. Bxf7+ Rxf7 31. Rc1 Qa5 32. Qc4 Qd5 33. Qe2 Qd3 34. Qe1 Qa3 35. Qe2 Rd4 36. Bg5 Rfd7 37. Qe6+ Kh8 38. Qe8+ Kh7 39. Qh5+ Kg8 40. Qe8+ Qf8 41. Qe2 Kf7 42. h3 Qd6 43. Re1 Kg6 44. f4 Re4 45. Qf2 Rxe1+ 46. Qxe1 Qd1 47. Qxd1 Rxd1+ 48. Kh2 c5 49. Be7 c4 50. Bb4 Rc1 51. g4 c3 52. h4 fxg4 53. f5+ Kxf5 54. h5 c2 55. Ba3 Ra1 56. h6 gxh6 57. Bb2 Rxa2 58. Bc1 a5 59. Bxh6 c1=Q+ 60. Kg3 Qe1# 0-1

[Event "Romanian-ch Youth Open U10 2024"]
[Site "Eforie Nord"]
[Date "2024.04.18"]
[Round "8.3"]
[White "Cazacu, Iustin-Nicolas"]
[Black "Bostina, Vladimir-Ioan"]
[Result "1-0"]
[ECO "A04"]
[WhiteElo "1857"]
[BlackElo "1579"]
[Annotator "NA RC COMBH"]
[PlyCount "87"]
[EventDate "2024.04.10"]
[EventType "swiss"]
[EventCountry "ROU"]
[SourceTitle "playchess.com"]
[Source "ChessBase"]
[SourceQuality "1"]
[TimeControl "5400+30"]

1. Nf3 c5 2. g3 Nc6 3. Bg2 g6 4. O-O Bg7 5. d3 d6 6. e4 e5 7. a3 Nge7 8. c3 O-O 9. b4 Be6 10. Be3 b6 11. b5 Na5 12. c4 a6 13. a4 axb5 14. axb5 Nb7 15. Nc3 Rxa1 16. Qxa1 Qa8 17. Qa6 Qxa6 18. bxa6 Na5 19. Nb5 Ra8 20. Nc7 Ra7 21. Nxe6 fxe6 22. Bh3 Rxa6 23. Bxe6+ Kf8 24. Ng5 h6 25. Nf7 Nb7 26. Nxh6 Ra3 27. Rb1 Nd8 28. Rxb6 Rxd3 29. Bg5 Bxh6 30. Bxh6+ Ke8 31. Bd5 Nxd5 32. cxd5 c4 33. Rxd6 Rd1+ 34. Kg2 Nf7 35. Re6+ Kd8 36. Be3 Rd3 37. Rc6 Rc3 38. Kf1 Kd7 39. Bd2 Rc2 40. Ke2 Nd8 41. Kd1 Rxd2+ 42. Kxd2 Nxc6 43. dxc6+ Kxc6 44. Kc3 1-0

[Event "Romanian-ch Youth Open U10 2024"]
[Site "Eforie Nord"]
[Date "2024.04.18"]
[Round "8.4"]
[White "Mironescu, Stefan"]
[Black "Rosca, Dragos-Ioan"]
[Result "0-1"]
[ECO "B13"]
[WhiteElo "1604"]
[BlackElo "1557"]
[Annotator "NA RC COMBH"]
[PlyCount "116"]
[EventDate "2024.04.10"]
[EventType "swiss"]
[EventCountry "ROU"]
[SourceTitle "playchess.com"]
[Source "ChessBase"]
[SourceQuality "1"]
[TimeControl "5400+30"]

1. e4 c6 2. d4 d5 3. exd5 cxd5 4. Bd3 Nc6 5. c3 Nf6 6. Nf3 Bg4 7. O-O e6 8. Bf4 Bd6 9. Bxd6 Qxd6 10. Nbd2 O-O 11. h3 Bh5 12. Re1 a6 13. a4 Rab8 14. Qe2 Rfc8 15. g4 Bg6 16. Bxg6 hxg6 17. Ne5 Nd7 18. Nxd7 Qxd7 19. Nf3 b5 20. Kg2 Qb7 21. axb5 axb5 22. b4 Nd8 23. Rec1 Ra8 24. Rxa8 Rxa8 25. Ne5 Ra3 26. Nd3 Qc6 27. Qb2 Qa6 28. Nc5 Qa8 29. Kg1 Ra2 30. Qb3 Qa3 31. Qxa3 Rxa3 32. Kg2 Kf8 33. f4 Ke7 34. Rc2 Kd6 35. Rb2 Rxc3 36. Ra2 Nc6 37. Ra6 Rc4 38. Nd3 Kc7 39. Ne5 Nxe5 40. dxe5 Rxf4 41. Kg3 Rxb4 42. Ra7+ Kc6 43. Rxf7 d4 44. Rxg7 d3 45. Rxg6 d2 46. Rxe6+ Kc5 47. Rd6 Rd4 48. Kf2 Rxd6 49. exd6 d1=Q 50. g5 Kxd6 51. g6 Qd2+ 52. Kg1 Qg5+ 53. Kh1 Qxg6 54. h4 Qg4 55. h5 Ke5 56. h6 Kf4 57. h7 Kf3 58. h8=Q Qg2# 0-1

[Event "Romanian-ch Youth Open U10 2024"]
[Site "Eforie Nord"]
[Date "2024.04.19"]
[Round "9.1"]
[White "Larion, Iustin"]
[Black "Simu, Alexandru"]
[Result "1-0"]
[ECO "D00"]
[WhiteElo "1743"]
[BlackElo "1445"]
[Annotator "NA RC COMBH"]
[PlyCount "73"]
[EventDate "2024.04.10"]
[EventType "swiss"]
[EventCountry "ROU"]
[SourceTitle "playchess.com"]
[Source "ChessBase"]
[SourceQuality "1"]
[TimeControl "5400+30"]

1. d4 Nf6 2. Bg5 Ne4 3. Bf4 e6 4. e3 d5 5. Bd3 Nf6 6. Nd2 Be7 7. Bg5 O-O 8. f4 b6 9. Ngf3 Ba6 10. Bxa6 Nxa6 11. O-O c5 12. c3 Rb8 13. Ne5 Ne8 14. Bxe7 Qxe7 15. Nc6 Qd6 16. Nxb8 Qxb8 17. Qf3 Nd6 18. g4 Qd8 19. Kh1 Qe7 20. Rg1 cxd4 21. exd4 b5 22. a3 f6 23. f5 Nc7 24. fxe6 Qxe6 25. Rae1 Qd7 26. Nb3 Ne4 27. Nc5 Nxc5 28. dxc5 Ne6 29. Rd1 Rd8 30. Rd2 Ng5 31. Qg2 Ne4 32. Rd4 Nxc5 33. Rgd1 Qe7 34. Rxd5 Rxd5 35. Qxd5+ Ne6 36. Re1 Kf7 37. b3 1-0

[Event "Romanian-ch Youth Open U10 2024"]
[Site "Eforie Nord"]
[Date "2024.04.19"]
[Round "9.2"]
[White "Kovacs, Balazs"]
[Black "Cazacu, Iustin-Nicolas"]
[Result "0-1"]
[ECO "B32"]
[WhiteElo "1866"]
[BlackElo "1857"]
[Annotator "NA RC COMBH"]
[PlyCount "120"]
[EventDate "2024.04.10"]
[EventType "swiss"]
[EventCountry "ROU"]
[SourceTitle "playchess.com"]
[Source "ChessBase"]
[SourceQuality "1"]
[TimeControl "5400+30"]

1. e4 c5 2. Nf3 Nc6 3. d4 cxd4 4. Nxd4 e5 5. Nb5 d6 6. N1c3 a6 7. Na3 Be7 8. Nc4 b5 9. Ne3 Nf6 10. Bd3 Nb4 11. Be2 O-O 12. a3 Nc6 13. O-O Nd4 14. Ned5 Nxd5 15. Nxd5 Bg5 16. Bxg5 Qxg5 17. Kh1 Bb7 18. f4 $11 Qd8 19. c3 Ne6 20. g3 exf4 21. gxf4 Nc5 22. Bf3 Qh4 23. e5 dxe5 24. fxe5 Rad8 25. Qd4 Qxd4 26. cxd4 Bxd5 27. Bxd5 Rxd5 28. dxc5 Rxc5 29. Rfe1 Re8 30. Rad1 g6 31. e6 Rxe6 32. Rxe6 fxe6 33. Rd6 a5 34. Rxe6 Rc1+ 35. Kg2 Rc2+ 36. Kg3 Rxb2 37. Rb6 Rb3+ 38. Kg2 Kg7 39. Kf2 h5 40. Ke2 Kh6 41. h4 b4 42. axb4 Rxb4 43. Ra6 a4 44. Kf3 Rxh4 45. Kg2 Rb4 46. Kh3 Kg5 47. Ra5+ Kf4 48. Kh4 Kf3+ 49. Kh3 Rg4 50. Kh2 Ke3 51. Rd5 g5 52. Kh3 a3 53. Ra5 Kf2 54. Rf5+ Rf4 55. Rxg5 Ra4 56. Rg2+ Ke3 57. Rg3+ Kf4 58. Rg2 a2 59. Rxa2 Rxa2 60. Kh4 Rh2# 0-1

[Event "Romanian-ch Youth Open U10 2024"]
[Site "Eforie Nord"]
[Date "2024.04.19"]
[Round "9.3"]
[White "Rosca, Dragos-Ioan"]
[Black "Mistrekov, Dobrynia"]
[Result "1-0"]
[ECO "B20"]
[WhiteElo "1557"]
[BlackElo "1562"]
[Annotator "NA RC COMBH"]
[PlyCount "59"]
[EventDate "2024.04.10"]
[EventType "swiss"]
[EventCountry "ROU"]
[SourceTitle "playchess.com"]
[Source "ChessBase"]
[SourceQuality "1"]
[TimeControl "5400+30"]

1. e4 c5 2. b4 cxb4 3. d4 d6 4. Bd3 Nf6 5. a3 Nbd7 6. axb4 g6 7. f4 e6 8. c3 Bg7 9. Nf3 O-O 10. O-O b6 11. Na3 Bb7 12. Qe2 d5 13. e5 Ne8 14. g4 a6 15. f5 Nc7 16. f6 Bh8 17. Bh6 Re8 18. Nh4 Nf8 19. Qc2 Qd7 20. Rf3 Nb5 21. Nxb5 axb5 22. Raf1 Bc6 23. Bxf8 Kxf8 24. Bxg6 fxg6 25. Nxg6+ Kf7 26. Rh3 Kg8 27. f7+ Kg7 28. fxe8=Q Qxe8 29. Nf8 h6 30. Qh7# 1-0

[Event "Romanian-ch Youth Open U10 2024"]
[Site "Eforie Nord"]
[Date "2024.04.19"]
[Round "9.4"]
[White "Pasca, Alexandru-Daniel"]
[Black "Balan, Vladimir"]
[Result "1-0"]
[ECO "B22"]
[WhiteElo "1623"]
[BlackElo "1628"]
[Annotator "NA RC COMBH"]
[PlyCount "93"]
[EventDate "2024.04.10"]
[EventType "swiss"]
[EventCountry "ROU"]
[SourceTitle "playchess.com"]
[Source "ChessBase"]
[SourceQuality "1"]
[TimeControl "5400+30"]

1. e4 c5 2. c3 d5 3. exd5 Qxd5 4. d4 Nf6 5. Nf3 Nc6 6. Be2 e6 7. O-O Be7 8. Bd3 O-O 9. Bc2 b6 10. a3 Bb7 11. Qd3 Rad8 12. Bg5 g6 13. Rd1 cxd4 14. cxd4 Nb8 15. Nc3 Qc6 16. Bh6 Rfe8 17. Ba4 Qc8 18. Bxe8 Rxe8 19. Rac1 Qd7 20. Ne5 Qd8 21. Qe3 Na6 22. Qf4 Nc7 23. f3 Bd6 24. Bg5 Be7 25. h3 Ncd5 26. Nxd5 Nxd5 27. Qxf7+ Kh8 28. Qxe6 Rf8 29. Bxe7 Qxe7 30. Qxe7 Nxe7 31. Rc7 Nd5 32. Rxb7 Ne3 33. Rc1 Nd5 34. Rxa7 Kg8 35. Rd7 Nf4 36. Rcc7 Ne6 37. Rb7 Rd8 38. Rxd8+ Nxd8 39. Rxb6 Kg7 40. a4 g5 41. a5 g4 42. a6 g3 43. a7 h5 44. a8=Q h4 45. Qa7+ Nf7 46. Qxf7+ Kh8 47. Rb8# 1-0